 Dungeon Crawl Stone Soup version 0.16-a0-3998-g78f890e (webtiles) character file.

9609 plathrop the Severer (level 11, -1/89 HPs)
             Began as a Minotaur Fighter on Feb 14, 2015.
             Was a High Priest of Okawaru.
             Slain by worldfamousw's ghost (12 damage)
             ... on level 1 of the Lair of Beasts.
             The game lasted 00:33:24 (10610 turns).

plathrop the Severer (Minotaur Fighter)            Turns: 10610, Time: 00:33:24

Health: -1/89      AC: 21    Str: 33    XL:     11   Next: 25%
Magic:  15/15      EV:  6    Int:  5    God:    Okawaru [*****.]
Gold:   685        SH: 10    Dex:  9    Spells: 5 memorised, 8 levels left

rFire  . . .     SeeInvis .     a - +1 war axe
rCold  . . .     Clarity  .     A - +0 plate armour
rNeg   + . .     SustAb   .     c - +0 shield
rPois  .         Gourm    .     (helmet restricted)
rElec  .         Spirit   .     b - +1 cloak (curse)
rCorr  .         Warding  .     j - +0 pair of gloves {Str+3}
rMut   .         Stasis   .     n - +2 pair of boots
MR     .....                    D - amulet of faith
Stlth  ..........               I - ring of positive energy
                                l - +5 ring of strength

@: about to teleport, not resistant to hostile enchantments, extremely
unstealthy
A: retaliatory headbutt, horns 2
a: Heroism, Finesse, Renounce Religion


You were on level 1 of the Lair of Beasts.
You worshipped Okawaru.
Okawaru was extremely pleased with you.
You were not hungry.

You visited 2 branches of the dungeon, and saw 10 of its levels.

You collected 685 gold pieces.

Inventory:

Hand weapons
 a - a +1 war axe (weapon)
Armour
 b - a cursed +1 cloak (worn)
 c - a +0 shield (worn)
 j - a +0 pair of gloves of strength (worn)
 n - a +2 pair of boots (worn)
 A - a +0 plate armour (worn)
Jewellery
 g - an uncursed ring of flight
 l - a +5 ring of strength (left hand)
 D - an amulet of faith (around neck)
 I - a ring of positive energy (right hand)
 N - an uncursed ring of teleport control
Magical devices
 o - a wand of cold (1)
 B - a wand of flame (16)
 J - a wand of teleportation (3)
 M - a wand of magic darts (14)
Scrolls
 f - 11 scrolls of remove curse
 i - 2 scrolls of recharging
 r - 2 scrolls of amnesia
 y - 2 scrolls of teleportation
 z - a scroll of enchant armour
 H - 2 scrolls of identify
Potions
 h - a potion of cancellation
 k - 5 potions of curing
 m - a potion of magic
 p - a potion of flight
 q - a potion of agility {unknown}
 t - 2 potions of berserk rage {unknown}
 u - 4 potions of heal wounds {unknown}
 v - a potion of brilliance {unknown}
 x - a potion of resistance
 G - a potion of cure mutation {unknown}
Comestibles
 d - 6 bread rations
 s - 7 meat rations
 w - 21 fruits
 C - 6 chunks of flesh
 L - 9 slices of pizza


   Skills:
 - Level 6.0 Fighting
 - Level 16.1 Axes
 - Level 10.1 Armour
 - Level 3.6 Shields
 + Level 3.6 Spellcasting


You had 8 spell levels left.
You knew the following spells:

 Your Spells              Type           Power        Failure   Level  Hunger
a - Regeneration          Chrm/Necr      #.........   100%        3    ####...
b - Apportation           Tloc           #.........   100%        1    ##.....
c - Summon Butterflies    Summ           #.......     100%        1    ##.....
d - Repel Missiles        Chrm/Air       #.....       100%        2    ###....
e - Swiftness             Chrm/Air       #.......     100%        2    ###....


Dungeon Overview and Level Annotations

Branches:
Dungeon (9/15)             Temple (0/1) D:7            Lair (1/8) D:9
    Orc: D:9-12

Altars:
Dithmenos
Okawaru
Vehumet
Zin

Shops:
D:6 :

Annotations:
Lair:1 worldfamousw's ghost, powerful TrHu


Innate Abilities, Weirdness & Mutations

You reflexively headbutt those who attack you in melee.
You have a pair of horns on your head.


Message History

Your headbutt misses worldfamousw's ghost.
Worldfamousw's ghost hits you!
You closely miss worldfamousw's ghost.
Your headbutt misses worldfamousw's ghost.
Worldfamousw's ghost hits you!
You hit worldfamousw's ghost but do no damage.
You headbutt worldfamousw's ghost, but do no damage.
You hit worldfamousw's ghost but do no damage.
Worldfamousw's ghost hits you!!
Drink which item? (? for menu, Esc to quit)
Okay, then.
Unknown command.
Read which item? (? for menu, Esc to quit)
As you read the scroll of teleportation, it crumbles to dust.
You feel strangely unstable.
Worldfamousw's ghost hits you but does no damage.
You miss worldfamousw's ghost. Worldfamousw's ghost hits you!
* * * LOW HITPOINT WARNING * * *
You barely miss worldfamousw's ghost. Worldfamousw's ghost hits you!
You die...

##...##
#..รท.####
##......####
#....##....#
#.....##....#
........###.#+##
### #
.##.....##.....#
#.###
#......#.....#
#....
#..8..##@....#
#....
#......W.8..##
#....
...........#
#....
..8........#
###..
..........## #..
.>..8...## ##..
.....### ####...
...# #####.###..
#..........


You could see worldfamousw's ghost.

Vanquished Creatures
  3 hydras
  2 spiny frogs (Lair:1)
  A troll (D:9)
  A wyvern (D:9)
  2 yaks (D:9)
  The ghost of plathrop the Cudgeler, an average HOMo (D:3)
  2 hungry ghosts
  4 hippogriffs
  Edmund (D:5)
  2 porcupines (Lair:1)
  A black bear (D:7)
  A water moccasin (D:7)
  3 orc warriors
  A sky beast (D:9)
  2 phantoms (D:9)
  A centaur (D:9)
  5 boring beetles (D:9)
  4 ogres
  2 crocodiles (Lair:1)
  5 big kobolds
  9 giant frogs
  A wyvern skeleton (D:6)
  A water moccasin zombie (D:6)
  A water moccasin skeleton (D:7)
  2 scorpions
  12 killer bees
  3 wights (D:8)
  4 crimson imps
  A centaur zombie (D:6)
  5 hounds
  A jelly (D:8)
  9 orc priests
  2 centaur skeletons
  3 giant frog skeletons
  5 worker ants
  7 orc wizards
  Natasha (thrice) (D:3)
  A quasit (D:6)
  2 iguanas
  2 sheep (D:9)
  Jessica (D:3)
  Terence (D:2)
  A mummy (D:8)
  2 worker ant zombies
  5 gnolls
  14 adders
  A shadow imp (D:8)
  2 worms
  An adder zombie (D:5)
  2 adder skeletons
  37 orcs
  16 bats
  A bat skeleton (D:6)
  14 goblins
  20 hobgoblins
  16 jackals
  16 kobolds
  3 quokkas
  A ball python (D:4)
  7 giant cockroaches
  9 giant geckos
  3 giant newts
  15 rats
  2 fungi (D:3)
308 creatures vanquished.

Notes
Turn   | Place    | Note
--------------------------------------------------------------
     0 | D:1      | plathrop, the Minotaur Fighter, began the quest for the Orb.
     0 | D:1      | Reached XP level 1. HP: 19/19 MP: 1/1
    46 | D:1      | Found an iron altar of Okawaru.
    53 | D:1      | Became a worshipper of Warmaster Okawaru
   154 | D:1      | Reached XP level 2. HP: 26/26 MP: 1/1
   508 | D:1      | Reached skill level 4 in Axes
   794 | D:2      | Reached XP level 3. HP: 31/31 MP: 2/2
  1083 | D:2      | Reached skill level 5 in Axes
  1098 | D:2      | Found a shadowy altar of Dithmenos.
  1107 | D:2      | Reached XP level 4. HP: 32/40 MP: 2/2
  1108 | D:2      | Noticed Terence
  1113 | D:2      | Killed Terence
  1756 | D:3      | Reached XP level 5. HP: 42/47 MP: 2/2
  1866 | D:3      | Reached skill level 6 in Axes
  1930 | D:3      | Noticed Natasha
  1934 | D:3      | Killed Natasha
  1951 | D:3      | Acquired Okawaru's first power
  1985 | D:3      | Noticed Natasha
  1992 | D:3      | Killed Natasha
  2091 | D:3      | Noticed Natasha
  2095 | D:3      | Killed Natasha
  2133 | D:3      | Reached skill level 5 in Fighting
  2312 | D:3      | Noticed plathrop's ghost (average HOMo)
  2318 | D:3      | Noticed Jessica
  2323 | D:3      | Killed plathrop's ghost
  2323 | D:3      | Reached XP level 6. HP: 38/57 MP: 3/3
  2325 | D:3      | Killed Jessica
  2325 | D:3      | Reached skill level 7 in Axes
  2861 | D:4      | Learned a level 3 spell: Regeneration
  3290 | D:4      | Reached XP level 7. HP: 63/63 MP: 3/3
  3572 | D:4      | Learned a level 3 spell: Regeneration
  3590 | D:5      | Entered Level 5 of the Dungeon
  3596 | D:5      | Noticed Edmund
  3614 | D:5      | Killed Edmund
  3614 | D:5      | Reached skill level 8 in Axes
  3614 | D:5      | Reached skill level 5 in Armour
  4181 | D:5      | Learned a level 1 spell: Apportation
  4183 | D:5      | Learned a level 1 spell: Summon Butterflies
  4482 | D:6      | Reached skill level 9 in Axes
  4502 | D:6      | Found a radiant altar of Vehumet.
  4507 | D:6      | Reached XP level 8. HP: 64/70 MP: 3/3
  4511 | D:6      | Reached skill level 10 in Axes
  4972 | D:6      | Reached skill level 11 in Axes
  4991 | D:6      | Found Plaosch's Book Shop.
  5361 | D:7      | Found a staircase to the Ecumenical Temple.
  5681 | D:7      | Reached skill level 12 in Axes
  5838 | D:7      | Reached XP level 9. HP: 73/75 MP: 4/4
  5852 | D:7      | Found a glowing silver altar of Zin.
  6012 | D:8      | Reached skill level 13 in Axes
  6740 | D:8      | Reached skill level 14 in Axes
  7916 | D:9      | Acquired Okawaru's second power
  7916 | D:9      | Reached skill level 15 in Axes
  7951 | D:9      | Reached XP level 10. HP: 40/83 MP: 4/4
  8394 | D:9      | Found a staircase to the Lair.
  8517 | D:9      | Received a gift from Okawaru
  8655 | D:9      | Reached skill level 16 in Axes
  9258 | D:9      | Noticed a three-headed hydra
  9277 | D:9      | Killed a three-headed hydra
  9725 | D:9      | Learned a level 2 spell: Repel Missiles
  9728 | D:9      | Learned a level 2 spell: Swiftness
  9780 | Lair:1   | Entered Level 1 of the Lair of Beasts
  9783 | Lair:1   | Noticed a four-headed hydra
  9801 | Lair:1   | HP: 2/83 [four-headed hydra (7)]
 10176 | Lair:1   | Reached skill level 10 in Armour
 10193 | Lair:1   | Killed a four-headed hydra
 10193 | Lair:1   | Reached skill level 1 in Spellcasting
 10193 | Lair:1   | Reached XP level 11. HP: 62/89 MP: 4/9
 10517 | Lair:1   | Noticed a five-headed hydra
 10526 | Lair:1   | Killed a five-headed hydra
 10603 | Lair:1   | Noticed worldfamousw's ghost (powerful TrHu)
 10610 | Lair:1   | Slain by worldfamousw's ghost

Action                   |  1- 3 |  4- 6 |  7- 9 | 10-12 || total
-------------------------+-------+-------+-------+-------++-------
Melee: War axe           |    68 |   208 |   333 |   216 ||   825
       Unarmed           |       |       |     1 |    44 ||    45
Invok: Heroism           |       |     1 |     1 |     2 ||     4
Evoke: Wand              |       |       |       |     2 ||     2
  Use: Scroll            |     7 |     3 |    12 |     3 ||    25
       Potion            |       |       |     1 |     9 ||    10
  Eat: Chunk             |     1 |     7 |    10 |     6 ||    24
       Royal jelly       |       |       |     1 |       ||     1
       Pizza             |       |       |     2 |       ||     2
       Beef jerky        |       |       |       |     1 ||     1
       Bread ration      |       |       |       |     1 ||     1
